 Dungeon Crawl Stone Soup version 0.24.0-13-gcf9b319 (webtiles) character file.

Game seed: 11185896637768987745, levelgen mode: deterministic

37 Fang the Shield-Bearer (level 3, -2/24 HPs)
             Began as a Gargoyle Fighter on Jan 2, 2020.
             Slain by Sigmund
             ... wielding a +2 scythe of venom
              (4 damage)
             ... on level 2 of the Dungeon.
             The game lasted 00:00:46 (961 turns).

Fang the Shield-Bearer (Gargoyle Fighter)            Turns: 961, Time: 00:00:46

Health: -2/24      AC: 10    Str: 25    XL:     3   Next: 41%
Magic:  3/3        EV:  7    Int:  8    God:
Gold:   38         SH:  0    Dex:  9    Spells: 2/2 levels left

rFire    . . .     SeeInvis .   a - +0 war axe
rCold    . . .     Gourm    .   B - +0 shield
rNeg     + . .     Faith    .   b - +0 scale mail
rPois    ∞         Spirit   .   (no helmet)
rElec    +         Reflect  .   (no cloak)
rCorr    .         Harm     .   (no gloves)
MR       .....                  (no boots)
Stlth    ..........             (no amulet)
HPRegen  0.08/turn              l - ring of stealth
MPRegen  0.08/turn              (no ring)

@: confused, mighty
A: negative energy resistance 1, electricity resistance, unbreathing,
petrification resistance, rot immunity, AC +3
a: no special abilities


You were on level 2 of the Dungeon.
You were not hungry.

You visited 1 branch of the dungeon, and saw 2 of its levels.

You collected 38 gold pieces.

Inventory:

Hand Weapons
 a - a +0 war axe (weapon)
Armour
 b - a +0 scale mail (worn)
 B - a +0 shield (worn)
Jewellery
 l - a ring of stealth (left hand)
Scrolls
 g - 3 scrolls of identify {unknown}
 k - a scroll of enchant weapon {unknown}
Potions
 e - 2 potions of flight {unknown}
 h - a potion of agility {unknown}
 i - a potion of degeneration {unknown}
 j - a potion of resistance {unknown}
 m - a potion of lignification {unknown}
 n - a potion of heal wounds {unknown}
Comestibles
 c - 3 rations
 f - a chunk of flesh


   Skills:
 + Level 3.7 Fighting
 + Level 2.2 Axes
 + Level 3.7 Armour
 + Level 3.7 Shields


You had 2 spell levels left.
You didn't know any spells.
Your spell library was empty.

Dungeon Overview and Level Annotations

Branches:
Dungeon (2/15)

Altars:
Uskayaw

Annotations:
D:2 Sigmund


Innate Abilities, Weirdness & Mutations

You are resistant to torment.
Your stone body is resilient. (AC +3)
You are immune to poison.
You resist negative energy. (rN+)
You are resistant to electric shocks. (rElec)
You can survive without breathing.
You are immune to petrification.
You are immune to rotting.


Message History

Sigmund whispers, "You'll know eternity soon."
Sigmund casts a spell.
Sigmund flickers and vanishes!
Deactivating autopickup; reactivate with Ctrl-A.
No target in view!
No target in view!
No target in view!
You feel very mighty all of a sudden. Something hits you but does no damage.
You miss something. Something hits you.
You barely miss something. Something hits you.
You barely miss something.
You hear some strange, mumbled words.
You are confused.
You bump into the rock wall.
Something hits you!
* * * LOW HITPOINT WARNING * * *
Your shield and scale mail prevent you from hitting something.
Something hits you but does no damage.
You bump into the rock wall.
Something hits you.
You die...

...# ..# ..# #.#
########.#
.@.....#.#############
#.(.............#
#{#############)# #@#
#.# #.# #.# #(# #.#
..# #.# #..# #.# ...#
#.## #.#.# #####...
..... ......... ##.#.#
.........


There were no monsters in sight!

Vanquished Creatures
  An adder (D:2)
  A leopard gecko (D:1)
  2 bats (D:1)
  3 giant cockroaches
  4 goblins (D:1)
  4 hobgoblins (D:1)
  A frilled lizard (D:2)
  3 kobolds
  7 rats
26 creatures vanquished.

Notes
Turn   | Place    | Note
-------+----------+-------------------------------------------
     0 | D:1      | Fang the Gargoyle Fighter began the quest for the Orb.
     0 | D:1      | Reached XP level 1. HP: 14/14 MP: 1/1
   159 | D:1      | Reached XP level 2. HP: 19/19 MP: 2/2
   638 | D:1      | Reached XP level 3. HP: 23/23 MP: 3/3
   821 | D:2      | Found a hide-covered altar of Uskayaw.
   821 | D:2      | Noticed a -1 dagger
   822 | D:2      | Noticed a +0 dagger
   940 | D:2      | Noticed Sigmund
   959 | D:2      | HP: 1/24 [something (11)]
   961 | D:2      | Slain by Sigmund

Levels and vault maps discovered:
D:1:      dpeg_arrival_ratfight, layout_loops_corners, serial_bayou_pond_e
D:2:      layout_basic, dancing_weapons_uskayaw,
          gammafunk_temple_overflow_arena, uniq_jessica, uniq_sigmund

Skill      XL: |  1 |
---------------+----+-----
Axes           | 2 |  2.2
Fighting       | |  3.7
Armour         | |  3.7
Shields        | |  3.7

Action                   || total
-------------------------++-------
Melee: War axe           ||    84
  Use: Potion            ||     1
Armor: Scale mail        ||    38
Dodge: Dodged            ||    19
Block: Shield            ||    41
